 Dungeon Crawl Stone Soup version 0.16.1-30-g34a7ffa (webtiles) character file.

227 Jb9000 the Skirmisher (level 6, -10/38 HPs)
             Began as a Gargoyle Fighter on June 29, 2015.
             Killed by divine providence
             ... invoked by an orc priest
              (16 damage)
             ... on level 3 of the Dungeon.
             The game lasted 00:09:33 (2322 turns).

Jb9000 the Skirmisher (Gargoyle Fighter)            Turns: 2322, Time: 00:09:33

Health: -10/38     AC: 14    Str: 19    XL:     6   Next: 2%
Magic:  9/9        EV:  8    Int: 10    God:
Gold:   155        SH:  9    Dex: 10    Spells: 0 memorised, 8 levels left

rFire  . . .     SeeInvis .     a - +0 flail
rCold  . . .     Clarity  .     b - +0 scale mail
rNeg   + . .     SustAb   .     c - +0 shield
rPois  ∞         Gourm    .     (no helmet)
rElec  +         Spirit   .     (no cloak)
rCorr  .         Warding  .     i - +2 pair of gloves
rMut   .         Stasis   .     (no boots)
MR     .....                    (no amulet)
Stlth  +.........               (no ring)
                                j - ring of wizardry

@: not resistant to hostile enchantments, very unstealthy
A: negative energy resistance 1, electricity resistance, unbreathing,
petrification resistance, rot immunity, AC +4
a: no special abilities


You were on level 3 of the Dungeon.
You were not hungry.

You visited 1 branch of the dungeon, and saw 3 of its levels.

You collected 155 gold pieces.

Inventory:

Hand weapons
 a - a +0 flail (weapon)
Missiles
 f - 53 arrows
 h - 2 curare-tipped needles
 o - 21 bolts
 q - 11 poisoned needles
Armour
 b - a +0 scale mail (worn)
 c - a +0 shield (worn)
 i - a +2 pair of gloves (worn)
Jewellery
 j - a ring of wizardry (left hand)
Scrolls
 l - a scroll of remove curse {unknown}
 p - a scroll of fear {unknown}
 r - a scroll of identify
Potions
 e - a potion of might
 k - a potion of flight {unknown}
 s - a potion of magic {unknown}
 t - a potion of curing {unknown}
 u - a potion of beneficial mutation {unknown}
Comestibles
 d - 2 bread rations
 g - 5 chunks of flesh
 m - a meat ration
 n - 3 beef jerkies


   Skills:
 + Level 4.0 Fighting
 + Level 2.7 Maces & Flails
 + Level 4.0 Armour
 + Level 1.7 Dodging
 * Level 2.6 Stealth
 + Level 3.5 Shields
 + Level 1.8 Spellcasting


You had 8 spell levels left.
You didn't know any spells.

Dungeon Overview and Level Annotations

Branches:
Dungeon (3/15)

Altars:
Ashenzari
Elyvilon
Fedhas
Vehumet
Xom
Zin
The Shining One


Innate Abilities, Weirdness & Mutations

You are resistant to torment.
You are immune to poison.
Your stone body is very resilient (AC +4).
You resist negative energy.
You are resistant to electric shocks.
You can survive without breathing.
You are immune to petrification.
You are immune to rotting.


Message History

The orc priest looks braver.
You block the orc's attack.
You barely miss the orc. You block the orc's attack.
The orc hits you but does no damage.
You closely miss the orc. The orc hits you with a hand axe.
You closely miss the orc.
The orc priest invokes the aid of Beogh against you.
Something smites you! The orc barely misses you.
The orc priest invokes the aid of Beogh against you.
Something smites you!
* * * LOW HITPOINT WARNING * * *
You hit the orc but do no damage. The orc barely misses you.
You hit the orc.
The orc is heavily wounded.
The orc priest calls upon Beogh to heal the orc.
The orc's wounds heal themselves!
The orc hits you but does no damage.
You closely miss the orc.
The orc priest invokes the aid of Beogh against you.
Something smites you!
You die...

.########.#)...######.##...
#....#.# #.##### #...#..# #......
#.#....# ####### . #..##.## ...
##oo.## #... ### #o### ##...##.##
#o# ..........## #@# ...........#
#.# ...........# #.# ###
#........#.# #.# #.. #.#...#.##.#
#.# #.# #...#.##.####.###.# #.# #
#..)#.##..........# #(#
##.##.##.#######.##############(#
.....()..# #..........#.....)..#


You could see an orc priest and 3 orcs.

Vanquished Creatures
  An orc priest (D:3)
  3 orc wizards (D:3)
  4 adders
  2 worms
  2 giant geckos (D:1)
  7 orcs (D:3)
  4 bats
  9 goblins
  6 hobgoblins
  8 jackals
  4 giant cockroaches
  2 giant newts
  10 kobolds
  5 rats
  2 bushes (D:2)
69 creatures vanquished.

Vanquished Creatures (others)
  A hobgoblin (D:2)
  A kobold (D:2)
2 creatures vanquished.

Grand Total: 71 creatures vanquished

Notes
Turn   | Place    | Note
--------------------------------------------------------------
     0 | D:1      | Jb9000, the Gargoyle Fighter, began the quest for the Orb.
     0 | D:1      | Reached XP level 1. HP: 14/14 MP: 1/1
   257 | D:1      | Reached XP level 2. HP: 17/19 MP: 2/2
   686 | D:1      | Reached XP level 3. HP: 21/23 MP: 3/3
   712 | D:1      | Reached skill level 1 in Stealth
   917 | D:2      | Noticed an angel
   917 | D:2      | Found a shimmering altar of Xom.
   918 | D:2      | Found a glowing silver altar of Zin.
   963 | D:2      | Reached skill level 1 in Spellcasting
  1176 | D:2      | Found a shattered altar of Ashenzari.
  1180 | D:2      | Found a radiant altar of Vehumet.
  1180 | D:2      | Found a blossoming altar of Fedhas.
  1199 | D:2      | Reached XP level 4. HP: 28/28 MP: 5/5
  1212 | D:2      | Reached skill level 1 in Dodging
  1348 | D:2      | Found a white marble altar of Elyvilon.
  1389 | D:2      | Found a glowing golden altar of the Shining One.
  1944 | D:3      | Reached XP level 5. HP: 33/33 MP: 7/7
  2001 | D:3      | Reached skill level 4 in Fighting
  2288 | D:3      | Reached XP level 6. HP: 38/38 MP: 9/9
  2322 | D:3      | Killed from afar by an orc priest

Action                   |  1- 3 |  4- 6 || total
-------------------------+-------+-------++-------
Melee: Flail             |   160 |   284 ||   444
  Use: Scroll            |     2 |       ||     2
  Eat: Chunk             |     1 |     3 ||     4
       Fruit             |       |     2 ||     2
